 Dungeon Sprint DCSS version 0.25-a0-460-g4f2eb97ec1 (webtiles) character file.

Game seed: 5198127485744520104, levelgen mode: deterministic

651 McKennaii the Carver (level 7, -3/60 HPs)
             Began as a Demonspawn Fighter on Feb 3, 2020.
             Slain by a hippogriff (7 damage)
             ... in the Dungeon (Sprint II: "The Violet Keep of Menkaure").
             The game lasted 00:01:01 (809 turns).

McKennaii the Carver (Demonspawn Fighter)            Turns: 809, Time: 00:01:02

Health: -3/60      AC:  7    Str: 18    XL:     7   Next: 28%
Magic:  7/7        EV:  8    Int:  9    God:
Gold:   243        SH: 10    Dex: 13    Spells: 6/6 levels left

rFire    . . .     SeeInvis .   a - +0 long sword
rCold    + . .     Gourm    .   c - +0 shield
rNeg     . . .     Faith    .   b - +0 scale mail
rPois    .         Spirit   .   (helmet restricted)
rElec    .         Reflect  .   (no cloak)
rCorr    .         Harm     .   (no gloves)
MR       .....     NoTele   +   (no boots)
Stlth    ..........             (no amulet)
HPRegen  0.20/turn              (no ring)
MPRegen  0.10/turn              (no ring)

@: no status effects
A: antennae 2, cold resistance 1
a: no special abilities


You were in the Dungeon.
You were not hungry.

You visited 1 branch You collected 243 gold pieces.

Inventory:

Hand Weapons
 a - a +0 long sword (weapon)
Armour
 b - a +0 scale mail (worn)
 c - a +0 shield (worn)
Scrolls
 k - a scroll of blinking
Potions
 d - a potion of might
 h - a potion of haste
 i - 2 potions of magic
 j - a potion of berserk rage
Comestibles
 f - a ration


   Skills:
 + Level 7.4 Fighting
 * Level 9.6 Long Blades
 + Level 7.2 Armour
 + Level 1.8 Dodging
 + Level 6.5 Shields


You had 6 spell levels left.
You didn't know any spells.
Your spell library was empty.

Dungeon Overview and Level Annotations

Branches:
Dungeon (1/1)

Altars:


Innate Abilities, Weirdness & Mutations

You have a pair of antennae on your head.
Your flesh is cold resistant. (rC+)


Message History

* * * LOW HITPOINT WARNING * * *
The hippogriff claws you but does no damage.
You hit the hippogriff.
The hippogriff is heavily wounded.
The hippogriff closely misses you. The hippogriff pecks you.
* * * LOW HITPOINT WARNING * * *
You block the hippogriff's attack.
You barely miss the hippogriff.
The hippogriff is heavily wounded.
The hippogriff bites you but does no damage.
The hippogriff pecks you.
* * * LOW HITPOINT WARNING * * *
The hippogriff claws you but does no damage.
You hit the hippogriff.
The hippogriff is severely wounded.
You slash the hippogriff!
The hippogriff is almost dead.
The hippogriff closely misses you. The hippogriff barely misses you.
You block the hippogriff's attack. The hippogriff bites you!
You die...

{##+##
##.#.##
#..#..# #
###.##### ##.
#'###.##
#.w{##.##...#
#+.<.')#$+
#.w$##@##...#
##. #H###.##
# .#$ ## .#
#. ## ##


You could see a hippogriff.

Vanquished Creatures
  A merfolk siren (D)
  A hippogriff (D)
  4 worker ants (D)
6 creatures vanquished.

Vanquished Creatures (others)
  Menkaure (D)
  A crocodile (D)
2 creatures vanquished.

Grand Total: 8 creatures vanquished

Notes
Turn   | Place    | Note
-------+----------+-------------------------------------------
     0 | D        | McKennaii the Demonspawn Fighter began the quest for the
                  | Orb.
     0 | D        | Reached XP level 1. HP: 18/18 MP: 1/1
     1 | D        | Noticed a tyrant leech
     1 | D        | Noticed a tyrant leech
     5 | D        | Noticed a worker ant
     5 | D        | Noticed a worker ant
     9 | D        | Killed a worker ant
     9 | D        | Reached skill level 3 in Long Blades
     9 | D        | Gained mutation: You have a pair of small antennae on your
                  | head. [demonic ancestry]
     9 | D        | Reached XP level 2. HP: 17/25 MP: 2/2
    19 | D        | Gained mutation: Your flesh is cold resistant. (rC+)
                  | [demonic ancestry]
    19 | D        | Reached XP level 3. HP: 6/31 MP: 3/3
    42 | D        | Killed Menkaure
    65 | D        | Killed a crocodile
   312 | D        | Reached skill level 5 in Fighting
   312 | D        | Reached skill level 4 in Long Blades
   312 | D        | Reached XP level 4. HP: 22/39 MP: 4/4
   532 | D        | Noticed a merfolk siren
   563 | D        | Killed a merfolk siren
   563 | D        | Reached skill level 8 in Long Blades
   563 | D        | Reached skill level 1 in Dodging
   563 | D        | Gained mutation: You have a pair of antennae on your head.
                  | [demonic ancestry]
   563 | D        | Reached XP level 5. HP: 13/48 MP: 5/5
   563 | D        | Reached XP level 6. HP: 15/55 MP: 6/6
   785 | D        | Noticed a hippogriff
   785 | D        | Noticed a hippogriff
   796 | D        | Killed a hippogriff
   796 | D        | Reached skill level 9 in Long Blades
   796 | D        | Reached XP level 7. HP: 16/60 MP: 7/7
   809 | D        | Slain by a hippogriff

Levels and vault maps discovered:
D:        the_violet_keep_of_menkaure [sprint2_stairs_cluster_1,
          sprint2_shoproom, sprint2_temple, sprint2_basic_supplies,
          sprint2_obstacle_4, sprint2_obstacle_2, sprint2_obstacle_1,
          sprint2_obstacle_7, sprint2_obstacle_6, sprint2_timed_cluster_1,
          sprint2_smallroom_cluster_1, sprint2_smallroom_final_cluster_1,
          sprint2_transparent_cluster_1, sprint2_second_timed_cluster_1,
          sprint2_sniper_area_1, sprint2_heavy_combat_area_1,
          sprint2_mutation_trap_area_1, sprint2_forest_area_1,
          sprint2_light_combat_area_1, sprint2_behind_water_1,
          sprint2_near_end_vault_1]

Skill      XL: |  1  2  3  4  5  6 |
---------------+-------------------+-----
Fighting       | 4 5 7 |  7.4
Long Blades    | 3 4 8 9 |  9.6
Armour         | 3 4 6 7 |  7.2
Shields        | 3 4 6 |  6.5
Dodging        | 1 |  1.8

Action                   |  1- 3 |  4- 6 |  7- 9 || total
-------------------------+-------+-------+-------++-------
Melee: Long sword        |    23 |    47 |    12 ||    82
  Use: Potion            |       |     1 |     1 ||     2
Armor: Scale mail        |     8 |     9 |     9 ||    26
Dodge: Dodged            |     6 |     5 |     7 ||    18
Block: Shield            |    10 |    16 |    11 ||    37
       Rpst.: Long sword |     1 |     2 |       ||     3

Table legend:
 A = Non-vault XP
 B = Vault XP
 C = Vault XP percentage of total XP
 D = Non-vault monster count
 E = Vault monster count
 F = Vault count percentage of total count
                 A         B        C        D         E       F
            +---------+---------+-------+---------+---------+-------
      Total |       0 |     931 | 100.0 |       0 |       6 | 100.0
            +---------+---------+-------+---------+---------+-------
          D |       0 |     931 | 100.0 |       0 |       6 | 100.0
            +---------+---------+-------+---------+---------+-------
